 Dungeon Crawl Stone Soup version 0.31-a0-214-gb37851dbb3 (webtiles) character file.

Game seed: 13957763455447756646

8 holysushi the Cutter (level 2, 15/24 HPs)
             Began as a Demonspawn Monk on July 1, 2023.
             Quit the game on level 1 of the Dungeon.
             The game lasted 00:00:17 (367 turns).

holysushi the Cutter (Demonspawn Monk)               Turns: 367, Time: 00:00:18

Health: 15/24      AC:  2    Str: 11    XL:     2   Next: 0%
Magic:  2/2        EV: 12    Int: 11    God:
Gold:   30         SH:  0    Dex: 15    Spells: 1/1 levels left

rFire   . . .        a - +0 short sword
rCold   . . .        d - orb {light}
rNeg    . . .        b - +0 robe
rPois   .            (no helmet)
rElec   .            (no cloak)
rCorr   .            (no gloves)
SInv    .            (no boots)
Will    .....        (no amulet)
Stlth   +            (no ring)
HPRegen 0.24/turn    (no ring)
MPRegen 0.08/turn

%: no passive effects
@: glowing
A: ignite blood 1
a: no special abilities


You were on level 1 of the Dungeon.
You visited 1 branch of the dungeon, and saw 1 of its levels.

You collected 30 gold pieces.

Inventory:

Hand Weapons
 a - a +0 short sword (weapon)
Armour
 b - a +0 robe (worn)
 d - an orb of light (worn)
Jewellery
 g - a ring of fire
Scrolls
 e - a scroll of identify {unknown}
 f - a scroll of teleportation {unknown}
Potions
 c - a potion of ambrosia


   Skills:
 - Level 3.0 Fighting
 + Level 3.2 Short Blades
 - Level 2.6 Dodging


You had one spell level left.
You didn't know any spells.
Your spell library contained the following spells:

 Spells                   Type           Power      Damage    Failure   Level
 Dazzling Flash           Conj/Hex       0%         N/A       71%         3
 Agony                    Necr           0%         N/A       100%        5
 Silence                  Hex/Air        0%         N/A       100%        5


Dungeon Overview and Level Annotations

Branches:
Dungeon (1/15) Zot: 5635

Altars:


Innate Abilities, Weirdness & Mutations

Your demonic aura sometimes causes spilled blood to erupt in flames.


Message History

There is an open door here.
You see here a +0 whip of venom.
Found a stone staircase leading down.
g - a ring of fire
There is a stone staircase leading down here.
A ball python comes into view.
Found a leather armour.
The ball python hisses angrily.
A ball python is nearby!
Okay, then.
You barely miss the ball python. The ball python bites you.
The ball python barely misses you.
You hit the ball python.
The ball python is severely wounded.
The ball python bites you. The ball python closely misses you.
You hit the ball python.
You kill the ball python!
No target in view!
You see here a ball python corpse.
You see here a +0 leather armour.
You open the door.
There is an open door here.
Found 5 large rocks.
You see here 5 large rocks.
A kobold comes into view. It is wielding a +0 club.
The kobold shouts!
A kobold is nearby!
A kobold is nearby!
A kobold is nearby!
A kobold is nearby!
The kobold hits you with a +0 club.
You hit the kobold.
The kobold is severely wounded.
The kobold hits you with a +0 club.
You hit the kobold.
You kill the kobold!
You have reached level 2!
Your demonic ancestry asserts itself...
Your blood heats up.
Are you sure you want to abandon this character and quit the game? (Confirm with "yes".)

#.####.############.# #......
#.#.............(.#.# #.#####
#.##.#.#......###.#.# #....#.
#.##.#.#......#.#.#.# #....#.
#.##.#.#......#.#.#.# #....+.
#.##.#.#......#.#.#.###....##
#....#.#......#.#.#.##.......
######.#......#...#........##
#.#...)@.....####.#...##
#......###.#....+.....
#........#.#.##.#...##
#.....####.#.##.##.## ####...
..#.##.##.# #### ###.##.##.#
#.##.##.# # #.##.##.#
#.##.##.##.#


There were no monsters in sight!

Vanquished Creatures
  A dart slug (D:1)
  A goblin (D:1)
  A hobgoblin (D:1)
  A ball python (D:1)
  A frilled lizard (D:1)
  A kobold (D:1)
  A rat (D:1)
7 creatures vanquished.

Notes
Turn   | Place    | Note
-------+----------+-------------------------------------------
     0 | D:1      | holysushi the Demonspawn Monk began the quest for the Orb.
     0 | D:1      | Reached XP level 1. HP: 18/18 MP: 1/1
   367 | D:1      | Gained mutation: Your demonic aura sometimes causes spilled
                  | blood to erupt in flames. [demonic ancestry]
   367 | D:1      | Reached XP level 2. HP: 15/24 MP: 2/2
   367 | D:1      | Quit the game

Illustrated notes

Levels and vault maps discovered:
D:1:      scummos_arrival_checkerplants, layout_basic,
          shapermc_ecumenical_altar_rom_forum

Skill      XL: |  1 |
---------------+----+-----
Short Blades   | 3 |  3.2
Fighting       | |  3.0
Dodging        | |  2.6

Action                     || total
---------------------------++-------
  Melee: Short sword       ||    17
  Dodge: Dodged            ||     8

Table legend: (Time is in decaauts)
 A = Elapsed time spent in this place.
 B = Non-inter-level travel time spent in this place.
 C = Inter-level travel time spent in this place.
 D = Time resting spent in this place.
 E = Time spent auto-exploring this place.
 F = Levels seen in this place.
 G = Mean time per level.
                   A        B        C        D        E       F      G
               +--------+--------+--------+--------+--------+-----+--------+
         Total |    364 |    364 |      0 |      0 |    304 |   1 |  364.0 |
       Dungeon |    364 |    364 |      0 |      0 |    304 |   1 |  364.0 |
               +--------+--------+--------+--------+--------+-----+--------+

Top non-repeatable levels by time:
     D:1: 364 daAuts
